 Dungeon Crawl Stone Soup version 0.30.0-30-g96aa6591b8 (webtiles) character file.

Game seed: 9605820690731150929

18 croobank the Firebug (level 2, -7/17 HPs)
             Began as an Octopode Fire Elementalist on June 26, 2023.
             Mangled by a kobold
             ... wielding a +1 short sword of electrocution
              (19 damage)
             ... on level 1 of the Dungeon.
             The game lasted 00:02:02 (348 turns).

croobank the Firebug (Octopode Fire Elementalist)    Turns: 348, Time: 00:02:02

Health: -7/17      AC:  1    Str:  7    XL:     2   Next: 70%
Magic:  1/5        EV: 13    Int: 17    God:
Gold:   34         SH:  0    Dex: 12    Spells: 2/5 levels left

rFire   . . .        c - +0 short sword
rCold   . . .        (no shield)
rNeg    . . .        (helmet restricted)
rPois   .            (no amulet)
rElec   .            (no ring)
rCorr   .            (no ring)
SInv    .            (no ring)
Will    .....        (no ring)
Stlth   +++          (no ring)
HPRegen 0.22/turn    (no ring)
MPRegen 0.09/turn    (no ring)
                     (no ring)

%: no passive effects
@: very slightly contaminated
A: almost no armour, amphibious, 8 rings, camouflage 1, gelatinous body 1,
(nimble swimmer 1), tentacles
a: no special abilities


You were on level 1 of the Dungeon.
You visited 1 branch of the dungeon, and saw 1 of its levels.

You collected 34 gold pieces.

Inventory:

Hand Weapons
 c - a +0 short sword (weapon)
 d - a +0 dagger
Missiles
 e - 4 datura-tipped darts
Scrolls
 b - a scroll of fog {unknown}
 h - a scroll of fear {unknown}
Potions
 a - a potion of magic
 f - a potion of haste {unknown}
 g - a potion of berserk rage {unknown}


   Skills:
 + Level 2.2 Dodging
 + Level 3.1 Stealth
 + Level 2.2 Spellcasting
 + Level 1.4 Conjurations
 + Level 3.1 Fire Magic


You had 2 spell levels left.
You knew the following spells:

 Your Spells              Type           Power      Damage    Failure   Level
a - Foxfire               Conj/Fire      36%        2x1d5     8%          1
b - Scorch                Fire           24%        2d6       8%          2

Your spell library contained the following spells:

 Spells                   Type           Power      Damage    Failure   Level
 Inner Flame              Hex/Fire       7%         N/A       30%         3
 Volatile Blastmotes      Fire/Tloc      14%        2d11      30%         3
 Flame Wave               Conj/Fire      9%         2d6       58%         4


Dungeon Overview and Level Annotations

Branches:
Dungeon (1/15)

Altars:


Innate Abilities, Weirdness & Mutations

You cannot wear most types of armour.
You are amphibious.
You can wear up to eight rings at the same time.
Your skin changes colour to match your surroundings (Stealth+).
Your rubbery body absorbs attacks. (AC +1, EV +1)
((You are camouflaged when in or above water. (Stealth+)))
You have tentacles for arms and can constrict up to eight enemies at once.


Message History

Found a stone staircase leading down.
A bat comes into view.
A quokka comes into view.
Casting: Foxfire (safe; 8% risk of failure)
Confirm with . or Enter, or press ? or * to list all spells.
Flames lash the quokka.
The quokka is severely wounded.
The quokka's fire resistance burns away.
You hear a shout! x2
The quokka barely misses you.
You hit the quokka.
You kill the quokka!
The bat closely misses you.
A kobold comes into view. It is wielding a +0 club.
The bat hits you but does no damage.
You hit the bat. Your grab misses the bat. You squeeze the bat.
You kill the bat!
No target in view!
No target in view!
A kobold comes into view.
It is wielding a +1 short sword of electrocution.
Things that are here:
a bubbling brown potion; a bat corpse 2 kobolds come into view.
A quokka comes into view.
Casting: Scorch (safe; 8% risk of failure)
Confirm with . or Enter, or press ? or * to list all spells.
You miscast Scorch.
You are very lightly contaminated with residual magic.
Nothing appears to happen.
The kobold shouts! x2
A kobold comes into view. It is wielding a +0 short sword.
Casting: Scorch (safe; 8% risk of failure)
Confirm with . or Enter, or press ? or * to list all spells.
You don't have enough magic to cast this spell.
You closely miss the kobold.
The kobold shouts!
Your grab misses the kobold. Your squeeze misses the kobold.
The kobold hits you with a +1 short sword of electrocution.
You are electrocuted!!
Ouch! That really hurt!
You die...

########.# ..## #.#
.......#.####... ....
.......... ..# ...
#.......##.# ## #..
#.)...#...###.# #.. .
#..?....##.#.# #.. ~~P
#......####.# #..
~~~P.###!#...#.#.#####[.
K~~...K@.#.#..###.......
~~K~..K.##.#.## ##......
≈~~♣..###.....###.......
≈ ~~.. #..###.#.#####..
≈≈~~P .....# ##.## #...
~r.~♣..##.## ##########
~P♣K . #. #8≈≈§≈§§ .~. #
#.....§. #.......


You could see a quokka and 5 kobolds.

Vanquished Creatures
  A dart slug (D:1)
  2 goblins (D:1)
  4 jackals (D:1)
  A kobold (D:1)
  A quokka (D:1)
  A ball python (D:1)
  3 bats (D:1)
  A frilled lizard (D:1)
  2 rats (D:1)
16 creatures vanquished.

Vanquished Creatures (others)
  18 foxfires (D:1)
18 creatures vanquished.

Grand Total: 34 creatures vanquished

Notes
Turn   | Place    | Note
-------+----------+-------------------------------------------
     0 | D:1      | croobank the Octopode Fire Elementalist began the quest for
                  | the Orb.
     0 | D:1      | Reached XP level 1. HP: 11/11 MP: 3/3
   140 | D:1      | Reached XP level 2. HP: 17/17 MP: 3/5
   143 | D:1      | Learned a level 2 spell: Scorch
   348 | D:1      | Mangled by a kobold

Illustrated notes

Levels and vault maps discovered:
D:1:      lightli_arrival_noodles, layout_loops_cross, serial_bayou_pond_b

Skill      XL: |  1  2 |
---------------+-------+-----
Stealth        | 3 |  3.1
Dodging        | |  2.2
Spellcasting   | |  2.2
Conjurations   | |  1.4
Fire Magic     | |  3.1

Action                     || total
---------------------------++-------
  Melee: Constrict         ||     4
         Short sword       ||    16
         Tentacles         ||     4
         Unarmed           ||     1
   Cast: Foxfire           ||    11
         Scorch            ||     2
   Stab: Sleeping          ||     2
 Armour: Skin              ||     1
  Dodge: Dodged            ||    11
